 Dungeon Crawl Stone Soup version 0.31.0-32-g396128a36d (webtiles) character file.

Game seed: 267870516591648648

5380 AgateBread the Grappler (level 10, -14/83 HPs)
             Began as a Yellow Draconian Shapeshifter on Apr 11, 2024.
             Was an Elder of Hepliaklqana.
             Demolished by a two-headed ogre
             ... wielding a +0 giant club
              (19 damage)
             ... on level 8 of the Dungeon.
             The game lasted 00:42:06 (12331 turns).

AgateBread the Grappler (DrSh)                     Turns: 12331, Time: 00:42:09

Health: -14/83     AC:  7    Str: 21    XL:     10   Next: 39%
Magic:  13/13      EV: 12    Int: 10    God:    Hepliaklqana [****..]
Gold:   447        SH:  0    Dex: 11    Spells: 9/9 levels left

rFire   . .          .
                       - Unarmed
rCold   . . .        (no shield)
rNeg    . . .        (body armour unavailable)
rPois   .            (helmet currently unavailable)
rElec   .            (cloak currently unavailable)
rCorr   +            (gloves currently unavailable)
SInv    .            (boots currently unavailable)
Will    .....        F - amulet of faith
Stlth   +            (no ring)
HPRegen 0.33/turn    (no ring)
MPRegen 0.13/turn

%: faith
@: confused, short of breath, beast-form, ambrosia-drunk
A: beast (slay +4), reduced essence, spit acid, AC +7, unfitting armour,
cold-blooded, acid resistance
a: Breathe Acid, Begin Untransformation, Renounce Religion, Recall Ancestor,
Ancestor Identity, Transference, Idealise


You were on level 8 of the Dungeon.
You worshipped Hepliaklqana.
Hepliaklqana was greatly pleased with you.
You were a hulking beast.
You visited 2 branches of the dungeon, and saw 9 of its levels.

You collected 447 gold pieces.

Inventory:

Hand Weapons
 j - a +0 orcbow
 u - a +2 dagger of venom
 z - a +1 rapier of venom
Missiles
 g - 15 poisoned darts
Armour
 A - an orb of wrath
Jewellery
 w - an amulet of magic regeneration
 F - an amulet of faith (around neck)
Talismans
 b - a beast talisman
 c - a flux talisman
Wands
 v - a wand of mindburst (34)
 x - a wand of digging (9)
 D - a wand of charming (7)
 E - a wand of iceblast (5)
Scrolls
 i - a scroll of enchant weapon
 l - 2 scrolls of teleportation
 m - 5 scrolls of revelation
 n - a scroll of amnesia {unknown}
 o - a scroll of fog {unknown}
 q - a scroll of brand weapon {unknown}
 y - 2 scrolls of immolation {unknown}
 B - a scroll of enchant armour {unknown}
 C - 2 scrolls of identify
Potions
 a - a potion of lignification
 d - 2 potions of might
 e - 2 potions of haste
 f - 2 potions of brilliance
 h - 4 potions of curing
 k - a potion of resistance {unknown}
 p - 2 potions of mutation
 r - a potion of ambrosia
 s - a potion of enlightenment {unknown}


   Skills:
 - Level 10.0 Fighting
 + Level 2.0 Dodging
 - Level 10.0 Unarmed Combat
 - Level 5.0 Invocations
 + Level 0.6 Evocations
 - Level 7.0 Shapeshifting


You had 9 spell levels left.
You didn't know any spells.
Your spell library contained the following spells:

 Spells                   Type           Power      Damage    Failure   Level
 Foxfire                  Conj/Fire      0%         2x1d4     36%         1
 Sting                    Conj/Alch      0%         1d3       36%         1
 Mercury Vapours          Alch/Air       0%         N/A       50%         2
 Olgreb's Toxic Radiance  Alch           0%         N/A       98%         4
 Plasma Beam              Fire/Air       0%         2x1d10    100%        6
 Starburst                Conj/Fire      0%         6d3       100%        6
 Ozocubu's Refrigeration  Ice            0%         4d7       100%        7
 Discord                  Hex            0%         N/A       100%        8


Dungeon Overview and Level Annotations

Branches:
Dungeon (8/15)             Temple (1/1) D:7
   Lair: D:8-11

Altars:
Dithmenos
Elyvilon
Fedhas
Gozag
Hepliaklqana
Kikubaaqudgha
Makhleb
Okawaru
Ru
Sif Muna
Trog
Uskayaw
Vehumet
Wu Jian
Xom
Yredelemnul
Zin
The Shining One

Annotations:
D:5 2 transporters, PaiMei's ghost, amateur DsNe


Innate Abilities, Weirdness & Mutations

You are a hulking beast.
Your limbs bulge with bestial killing power. (Slay +4)
Your life essence is reduced to manifest your ancestor. (-10% HP)
You can spit globs of acid.
Your golden yellow scales are hard. (AC +7)
You cannot fit into any form of body armour.
You are cold-blooded and may be slowed by cold attacks.
You are resistant to acid. (rCorr)


Message History

The crocodile bites you.
* * * LOW HITPOINT WARNING * * *
The crocodile drags you backwards!
You hit the acid dragon but do no damage.
Nakurtum barely misses the sky beast.
Nakurtum gestures at the sky beast while chanting.
The sky beast seems to slow down.
Abil: Breathe Acid
Press: ? - help, Q - select action, (/) - cycle Shift-Dir - straight line, f/p - crocodile
Aim: a crocodile (water, 55% to hit)
You spit a glob of acid.
The glob of acid hits the crocodile!!
The acid splashes onto the acid dragon!
The acid dragon is splashed with acid.
The acid splashes onto the crocodile!
The crocodile is splashed with acid.
The acid corrodes the crocodile!
The crocodile is severely wounded.
Your surroundings suddenly seem different.
An iguana comes into view.
The two-headed ogre shouts in stereo!
The iguana closely misses you.
The air fills with toxic fumes!
As you read the scroll of poison, it crumbles to dust.
The iguana bites you!
* * * LOW HITPOINT WARNING * * *
You pummel the iguana!!
You kill the iguana!
The two-headed ogre is engulfed in poison gas.
The two-headed ogre is poisoned.
Your Dodging skill increases to level 2!
Nakurtum is recalled.
The two-headed ogre is engulfed in poison gas.
The two-headed ogre looks even sicker.
You are confused.
You feel invigorated.
The two-headed ogre is engulfed in poison gas.
The two-headed ogre looks even sicker.
The two-headed ogre hits you with a +0 giant club!
* * * LOW HITPOINT WARNING * * *
The two-headed ogre hits you with a +0 giant club!!
You die...

...........................###...
.#.......§§§§§§§§§§§§§§§....#....
.#.......§§§§§§§§§§§§§§§.........
##....<.)§§§§§§§§§§§§§§§......#.#
##......§§§§§§§.§§§§§§§......###
####...§§§§§§§§§§§§§§§........#
##....§§§§§§§R§§§§§§§.........
#.....#§§§§§§O§§§§§§§........#
###...##§§§§§h§§§§§§§....[...#
#...§§§§§§§§.§§§§§§...#.####
##...§§§§§§§§§§##§§§..####
#....§§§§§§§§#####.§###
##...§####§§§# #### ###...# #§§§#
##.## ##### ###


You could see the friendly Nakurtum the hexer and a two-headed ogre (very
poisoned, ally target).

Vanquished Creatures
  Joseph (D:7)
  A hornet (D:7)
  Sigmund (D:2)
  A steam dragon (D:8)
  A water moccasin (D:8)
  2 sky beasts
  2 centaurs (D:7)
  A kobold brigand (D:7)
  4 bullfrogs
  A scorpion (D:7)
  A gnoll sergeant (D:7)
  4 wights (D:7)
  7 killer bees
  4 jellies
  3 bombardier beetles (D:6)
  4 hounds
  An orc priest (D:5)
  4 iguanas
  2 sleepcaps
  3 gnolls (D:7)
  2 hexers (D:7)
  3 adders
  4 shadow imps
  A white imp (D:6)
  4 ufetubi
  4 dart slugs
  A ribbon worm (D:3)
  10 orcs
  6 bats
  An endoplasm (D:1)
  3 giant cockroaches
  6 goblins
  6 hobgoblins
  22 jackals
  3 quokkas (D:1)
  3 ball pythons
  2 frilled lizards
  10 kobolds
  2 rats (D:3)
141 creatures vanquished.

Vanquished Creatures (collateral kills)
  A two-headed ogre (D:8)
  A wyvern (D:8)
  2 steam dragons
  A water moccasin (D:8)
  An ice beast (D:6)
  2 orc warriors
  3 sky beasts (D:7)
  2 ogres
  A bullfrog (D:8)
  3 killer bees
  A hound (D:5)
  2 jellies (D:8)
  2 bombardier beetles (D:5)
  2 orc priests
  5 iguanas
  Ijyb (D:5)
  2 orc wizards (D:5)
  2 gnolls (D:7)
  2 white imps
  3 orcs
  A goblin (D:5)
  A ball python (D:3)
  A kobold (D:4)
42 creatures vanquished.

Vanquished Creatures (others)
  4 hexers
4 creatures vanquished.

Grand Total: 187 creatures vanquished

Notes
Turn   | Place    | Note
-------+----------+-------------------------------------------
     0 | D:1      | AgateBread the Draconian Shapeshifter began the quest for
                  | the Orb.
     0 | D:1      | Reached XP level 1. HP: 16/16 MP: 1/1
   228 | D:1      | Reached XP level 2. HP: 24/24 MP: 2/2
   779 | D:1      | Reached XP level 3. HP: 30/30 MP: 3/3
  1290 | D:2      | Noticed Sigmund
  1889 | D:2      | Killed Sigmund
  1890 | D:2      | Reached skill level 5 in Unarmed Combat
  1890 | D:2      | Reached XP level 4. HP: 41/41 MP: 4/4
  1890 | D:2      | Reached XP level 5. HP: 47/47 MP: 5/5
  2237 | D:2      | Found a bloodstained altar of Trog.
  2717 | D:3      | Found a shadowy altar of Dithmenos.
  2719 | D:3      | Found a sacrificial altar of Ru.
  2724 | D:3      | Found a hazy altar of Hepliaklqana.
  2747 | D:3      | Became a worshipper of Hepliaklqana the Forgotten
  2836 | D:3      | Reached XP level 6. HP: 52/53 MP: 6/6
  3066 | D:3      | Noticed a sky beast
  3096 | D:3      | Killed a sky beast
  3097 | D:3      | Reached skill level 5 in Fighting
  3448 | D:3      | Reached * piety under Hepliaklqana
  3641 | D:3      | Found a white marble altar of Elyvilon.
  4732 | D:4      | Reached skill level 1 in Invocations
  5087 | D:5      | Entered Level 5 of the Dungeon
  5166 | D:5      | Reached ** piety under Hepliaklqana
  5168 | D:5      | Remembered your ancestor Nakurtum as a hexer
  5171 | D:5      | Found a transporter.
  5171 | D:5      | Noticed PaiMei's ghost (amateur DsNe)
  5176 | D:5      | Your scales start taking on a golden yellow colour.
  5176 | D:5      | Reached XP level 7. HP: 50/54 MP: 8/8
  5176 | D:5      | Gained mutation: You are resistant to acid. (rCorr) [Yellow
                  | Draconian growth]
  5181 | D:5      | Found a transporter.
  5201 | D:5      | Found an iron altar of Okawaru.
  5216 | D:5      | Found a shimmering altar of Xom.
  5235 | D:5      | Found a basalt altar of Yredelemnul.
  5529 | D:5      | Noticed Ijyb
  5544 | D:5      | Killed Ijyb
  5586 | D:5      | Reached skill level 5 in Shapeshifting
  6693 | D:5      | Found a glowing silver altar of Zin.
  6694 | D:5      | Noticed an angel
  7178 | D:6      | Reached XP level 8. HP: 61/61 MP: 11/11
  7587 | D:6      | Reached skill level 5 in Invocations
  8611 | D:7      | Reached *** piety under Hepliaklqana
  8800 | D:7      | Noticed Joseph
  8806 | D:7      | Found a staircase to the Ecumenical Temple.
  8820 | Temple   | Entered the Ecumenical Temple
  9291 | D:7      | Reached XP level 9. HP: 63/66 MP: 12/12
  9380 | D:7      | Found a blossoming altar of Fedhas.
  9464 | D:7      | Paralysed by a hornet for 2 turns
 10215 | D:7      | Found a bloodstained altar of Trog.
 10583 | D:7      | Found a burning altar of Makhleb.
 10663 | D:7      | Killed Joseph
 10664 | D:7      | Reached skill level 10 in Unarmed Combat
 11173 | D:8      | Found an ornate altar of the Wu Jian Council.
 11253 | D:8      | Reached XP level 10. HP: 78/79 MP: 13/13
 11647 | D:8      | Noticed a two-headed ogre
 11828 | D:8      | Reached **** piety under Hepliaklqana
 12120 | D:8      | Noticed a two-headed ogre
 12135 | D:8      | Killed a two-headed ogre
 12136 | D:8      | Reached skill level 10 in Fighting
 12331 | D:8      | Demolished by a two-headed ogre

Illustrated notes

Levels and vault maps discovered:
D:1:      lemuel_arrival_funnel, layout_loops_ring, bh_walls_and_bars
D:2:      layout_basic, serial_glass, glass_columns_a, glass_columns_a,
          glass_columns_c, glass_columns_a, glass_columns_a, glass_columns_c,
          glass_columns_c, glass_columns_a, glass_columns_a, glass_columns_b,
          glass_columns_c, glass_columns_c, glass_columns_b, glass_columns_b,
          basic_altar, minmay_close_crescents, uniq_sigmund
D:3:      layout_loops_corners, elyvilon_altar_1,
          gammafunk_temple_overflow_forgotten
D:4:      layout_layer_cave, nicolae_eternal_life
D:5:      layout_basic, general_overflow_altar, kennysheep_okawaru_gauntlet,
          zin_angel, nicolae_overflow_crystal_walls, gammafunk_ghost_mausoleum,
          grunt_decor_clamped, dreamdust_princess_corridor, st_stairs_14,
          uniq_ijyb
D:6:      layout_basic
D:7:      layout_loops_corners, overflow_temple_1_default, lemuel_round_altar,
          trog_butcher_becter, minmay_temple_entry_drinking_statues,
          small_statue_intersection, grunt_decor_junction, kennysheep_potato,
          uniq_joseph
D:8:      regret_index_malice_mire, layout_cave_pools, lemuel_tele_altar
Temple:   hellmonk_temple_flake

Skill      XL: |  1  2  3  4  5  6  7  8  9 10 |
---------------+-------------------------------+-----
Fighting       | 2 4 5 7 10 | 10.0
Unarmed Combat | 5 7 10 | 10.0
Shapeshifting  | 4 5 7 |  7.0
Invocations    | 2 4 5 |  5.0
Dodging        | 2 |  2.0
Evocations     | |  0.6

Action                     |  1- 3 |  4- 6 |  7- 9 | 10-12 || total
---------------------------+-------+-------+-------+-------++-------
  Melee: Unarmed           |   125 |   109 |   213 |    45 ||   492
         Tailslap          |    10 |    11 |    25 |    13 ||    59
         Punch             |       |     4 |     9 |     2 ||    15
  Throw: Dart              |       |     1 |       |       ||     1
 Invoke: Ancestor Life: He |       |     1 |       |       ||     1
         Ancestor Identity |       |     1 |       |       ||     1
         Recall Ancestor   |       |       |       |     1 ||     1
Ability: Breathe Acid      |       |       |     5 |     2 ||     7
    Use: Potion            |     1 |     2 |     2 |     2 ||     7
         Scroll            |       |     8 |     5 |     3 ||    16
   Stab: Sleeping          |     1 |       |       |       ||     1
         Confused          |       |       |     4 |     4 ||     8
         Distracted        |       |       |     1 |       ||     1
 Armour: Skin              |    81 |    53 |   151 |    55 ||   340
  Dodge: Dodged            |   106 |    73 |   116 |    24 ||   319
